 Dungeon Crawl Stone Soup version 0.31-a0-1059-g83d41fd8b6 (webtiles) character file.

Game seed: 15246370626219717738

51 GordonOverkill the Sneak (level 3, 0/20 HPs)
             Began as a Spriggan Delver on Nov 21, 2023.
             Succumbed to an adder's poison
             ... on level 2 of the Dungeon.
             The game lasted 00:02:26 (998 turns).

GordonOverkill the Sneak (Spriggan Delver)           Turns: 998, Time: 00:02:27

Health: 0/20       AC:  2    Str:  8    XL:     3   Next: 57%
Magic:  7/7        EV: 17    Int: 13    God:
Gold:   56         SH:  0    Dex: 16    Spells: 6/6 levels left

rFire   . . .        i - +0 rapier
rCold   . . .        (no shield)
rNeg    . . .        b - +0 robe
rPois   .            (helmet restricted)
rElec   .            (no cloak)
rCorr   .            (gloves unavailable)
SInv    +            (boots unavailable)
Will    .....        (no amulet)
Stlth   ++++         (no ring)
HPRegen 0.23/turn    (no ring)
MPRegen 0.10/turn

%: no passive effects
@: lethally poisoned (0 -> -7), attractive, very quick
A: very small, no large weapons, unfitting armour, see invisible, speed 3
a: no special abilities


You were on level 2 of the Dungeon.
You visited 1 branch of the dungeon, and saw 5 of its levels.

You collected 56 gold pieces.

Inventory:

Hand Weapons
 i - a +0 rapier (weapon)
Armour
 b - a +0 robe (worn)
Wands
 g - a wand of digging (3)
 h - a wand of flame (9)
 j - a wand of mindburst (16)
Scrolls
 c - a scroll of fog
 d - a scroll of revelation
 e - a scroll of fear
 k - a scroll of butterflies {unknown}
 l - a scroll of identify {unknown}
Potions
 a - a potion of attraction
 f - a potion of haste


   Skills:
 - Level 3.0 Fighting
 - Level 3.0 Short Blades
 - Level 2.6 Dodging
 - Level 7.2 Stealth
 + Level 2.3 Spellcasting


You had 6 spell levels left.
You didn't know any spells.
Your spell library was empty.

Dungeon Overview and Level Annotations

Branches:
Dungeon (6/15)
 Temple: D:4-7

Altars:
Qazlal
The Shining One

Annotations:
D:5 Sigmund


Innate Abilities, Weirdness & Mutations

You are very small and have problems with some larger weapons.
You are too small for most types of armour.
You have supernaturally acute eyesight. (SInv)
You cover ground extremely quickly. (Speed+++)


Message History

You are too injured to fight recklessly!
You miss the adder. The adder closely misses you.
You are too injured to fight recklessly!
You barely miss the adder. The adder bites you but does no damage.
You are too injured to fight recklessly!
You barely miss the adder. The adder closely misses you. The adder misses you.
You are too injured to fight recklessly!
You hit the adder.
The adder is moderately wounded.
The adder bites you.
You are poisoned.
The adder poisons you!
You are too injured to fight recklessly!
You barely miss the adder.
The adder is moderately wounded.
You feel sick. The adder bites you.
* * * LOW HITPOINT WARNING * * *
You are more poisoned.
The adder poisons you!
You are too injured to fight recklessly!
You are too injured to fight recklessly!
You hit the adder but do no damage.
The adder is moderately wounded.
* * * LOW HITPOINT WARNING * * *
You feel sick. The adder barely misses you. The adder bites you.
* * * LOW HITPOINT WARNING * * *
You are more poisoned.
The adder poisons you!
You are too injured to fight recklessly!
You barely miss the adder.
The adder is moderately wounded.
* * * LOW HITPOINT WARNING * * *
You feel very sick. The adder bites you but does no damage.
* * * LOW HITPOINT WARNING * * *
You feel sick. The adder attacks as it pursues you!
The adder closely misses you.
It was a potion of attraction.
You feel attractive to monsters.
You die...

#...# ..##... #.#.# .......
##.#.## .....K. #..#..#
.....S. ##.###.## .......
###..#.#..## .......##
####...##.##...
........######..†.###...###.
..S......)S@...)....†.....##
.......#######....###...###.
....... ####...##.##...
....... ###..#.#..# .......
##.###. ####### #..# ##†#
#.# #..


You could see an adder.

Vanquished Creatures
  2 adders (D:2)
  2 dart slugs
  4 bats
  5 endoplasms
  A goblin (D:4)
  3 hobgoblins
  3 quokkas
  A ball python (D:2)
  A frilled lizard (D:2)
  4 kobolds
  2 rats (D:2)
28 creatures vanquished.

Notes
Turn   | Place    | Note
-------+----------+-------------------------------------------
     0 | D:5      | GordonOverkill the Spriggan Delver began the quest for the
                  | Orb.
     0 | D:5      | Reached XP level 1. HP: 11/11 MP: 2/2
     5 | D:5      | Noticed Sigmund
    13 | D:5      | Noticed a jelly
    31 | D:5      | Found a glowing golden altar of the Shining One.
    85 | D:6      | Noticed an orc wizard
   163 | D:5      | Noticed a black bear
   231 | D:4      | Noticed an orc wizard
   232 | D:4      | Noticed an ogre
   233 | D:4      | Noticed an orc wizard
   303 | D:3      | Reached XP level 2. HP: 15/16 MP: 3/3
   518 | D:3      | Found a stormy altar of Qazlal.
   602 | D:3      | Found a faded altar of an unknown god.
   881 | D:2      | Reached XP level 3. HP: 20/20 MP: 5/5
   891 | D:2      | Reached skill level 1 in Spellcasting
   998 | D:2      | Succumbed to an adder's poison

Illustrated notes

Levels and vault maps discovered:
D:2:      minmay_general_purpose_star, layout_basic, uniq_crazy_yiuf_cottage,
          uniq_natasha
D:3:      layout_loops_ring, nicolae_qazlal_eye_of_the_storm,
          chequers_ecumenical_altar_grove, nicolae_grassy_gnolls
D:4:      layout_rooms, nicolae_dithmenos_shadow_blocks, kennysheep_little_box,
          kennysheep_vampire_church, minmay_vboxes
D:5:      layout_basic, nicolae_tso_swordbearing_angel, uniq_sigmund
D:6:      layout_layer_cave, temple_statues, uniq_jeremiah

Skill      XL: |  1  2  3 |
---------------+----------+-----
Fighting       | 3 |  3.0
Short Blades   | 3 |  3.0
Spellcasting   | 2 |  2.3
Dodging        | |  2.6
Stealth        | |  7.2

Action                     || total
---------------------------++-------
  Melee: Rapier            ||    84
         Punch             ||     2
    Use: Potion            ||     1
   Stab: Sleeping          ||     7
 Armour: Robe              ||    21
  Dodge: Dodged            ||    70

Table legend: (Time is in decaauts)
 A = Elapsed time spent in this place.
 B = Non-inter-level travel time spent in this place.
 C = Inter-level travel time spent in this place.
 D = Time resting spent in this place.
 E = Time spent auto-exploring this place.
 F = Levels seen in this place.
 G = Mean time per level.
                   A        B        C        D        E       F      G
               +--------+--------+--------+--------+--------+-----+--------+
         Total |    712 |    712 |      0 |    132 |    290 |   5 |  142.4 |
       Dungeon |    712 |    712 |      0 |    132 |    290 |   5 |  142.4 |
               +--------+--------+--------+--------+--------+-----+--------+

Top non-repeatable levels by time:
     D:3: 335 daAuts
     D:2: 194 daAuts
     D:5: 96 daAuts
     D:4: 43 daAuts
     D:6: 42 daAuts
